[ AOE2 MATCH · #474772613 ]
UnrankedSpanish vs Cumans
[ REPLAY ANALYSIS · EXTRACTED FROM THE RECORDED GAME ]
Feudal
9:45
Castle
15:40
Imperial
34:02
| APM avg | 31.4 |
| APM peak | 97 |
| eAPM avg | 18.6 |
| Villagers / military | 160 / 253 |
Focus
⚔️ 43.0% · 🌾 57.0%
Knight ×183 · Scout Cavalry ×36 · Conquistador ×18 · Trebuchet (Packed) ×6 · Battering Ram ×5 · Monk ×3
Feudal
—
Castle
—
Imperial
—
| APM avg | 9.2 |
| APM peak | 32 |
| eAPM avg | 7.7 |
| Villagers / military | 107 / 82 |
Focus
⚔️ 31.8% · 🌾 68.2%
Skirmisher ×35 · Kipchak ×29 · Militia ×14 · Battering Ram ×4
Feudal
11:47
Castle
18:15
Imperial
26:01
| APM avg | 25.9 |
| APM peak | 89 |
| eAPM avg | 15.1 |
| Villagers / military | 144 / 172 |
Focus
⚔️ 19.8% · 🌾 80.2%
Hand Cannoneer ×138 · Bombard Cannon ×34 · Trade Cart ×15
Feudal
13:33
Castle
20:23
Imperial
31:24
| APM avg | 24.7 |
| APM peak | 74 |
| eAPM avg | 10.5 |
| Villagers / military | 110 / 475 |
Focus
⚔️ 42.1% · 🌾 57.9%
Spearman ×380 · Tarkan ×89 · Trebuchet (Packed) ×4 · Mangonel ×2
Feudal
11:21
Castle
14:56
Imperial
39:12
| APM avg | 54.9 |
| APM peak | 130 |
| eAPM avg | 40.0 |
| Villagers / military | 179 / 797 |
Focus
⚔️ 47.8% · 🌾 52.2%
Spearman ×470 · Huskarl ×276 · Skirmisher ×44 · Mangonel ×3 · Battering Ram ×2 · Monk ×1
Feudal
10:57
Castle
16:51
Imperial
34:01
| APM avg | 20.0 |
| APM peak | 60 |
| eAPM avg | 11.3 |
| Villagers / military | 161 / 289 |
Focus
⚔️ 32.6% · 🌾 67.4%
Skirmisher ×186 · Bombard Cannon ×39 · Spearman ×31 · Scout Cavalry ×20 · Hussite Wagon ×11 · Monk ×2
Feudal
11:43
Castle
17:50
Imperial
33:23
| APM avg | 17.9 |
| APM peak | 46 |
| eAPM avg | 12.1 |
| Villagers / military | 169 / 381 |
Focus
⚔️ 21.7% · 🌾 78.3%
Spearman ×355 · Mangonel ×26
Feudal
12:31
Castle
16:51
Imperial
36:58
| APM avg | 19.1 |
| APM peak | 35 |
| eAPM avg | 12.7 |
| Villagers / military | 175 / 542 |
Focus
⚔️ 36.7% · 🌾 63.3%
Spearman ×285 · Knight ×100 · Throwing Axeman ×97 · Skirmisher ×50 · Trebuchet (Packed) ×6 · Mangonel ×2
Match map
Initial resources + every placement click. Lines = walls · curves = elevation contours. ◆ gold · ⬟ stone · ● berries · ✦ relic · ◌ wall gap
Inputs per minute
— RAFAEL LOPEZ ALIAGA - - I Chris I4718
Build order — RAFAEL LOPEZ ALIAGA
First 150 of 650 actions detected
| 0:01 | Create | Villager (Male) |
| 0:01 | Create | Villager (Male) |
| 0:04 | Build | House |
| 0:05 | Build | House |
| 0:09 | Create | Villager (Male) |
| 0:09 | Create | Villager (Male) |
| 1:30 | Create | Villager (Male) |
| 1:31 | Create | Villager (Male) |
| 2:05 | Research | Loom |
| 2:14 | Build | House |
| 2:18 | Create | Villager (Male) |
| 2:18 | Create | Villager (Male) |
| 3:00 | Create | Villager (Male) |
| 3:00 | Create | Villager (Male) |
| 3:19 | Create | Villager (Male) |
| 3:19 | Create | Villager (Male) |
| 3:19 | Create | Villager (Male) |
| 3:27 | Build | Lumber Camp |
| 4:14 | Create | Villager (Male) |
| 4:14 | Create | Villager (Male) |
| 4:15 | Create | Villager (Male) |
| 4:15 | Create | Villager (Male) |
| 4:43 | Create | Villager (Male) |
| 4:43 | Create | Villager (Male) |
| 5:20 | Create | Villager (Male) |
| 5:20 | Create | Villager (Male) |
| 5:20 | Create | Villager (Male) |
| 5:20 | Create | Villager (Male) |
| 5:36 | Build | House |
| 5:42 | Create | Villager (Male) |
| 5:42 | Create | Villager (Male) |
| 6:23 | Create | Villager (Male) |
| 6:42 | Build | Mill |
| 7:32 | Research | Feudal Age |
| 7:32 | Research | Feudal Age |
| 8:34 | Build | Mining Camp |
| 9:45 | Age | Feudal Age |
| 9:50 | Create | Villager (Male) |
| 9:59 | Create | Villager (Male) |
| 10:13 | Build | Market |
| 10:21 | Build | House |
| 10:37 | Create | Villager (Male) |
| 10:59 | Create | Villager (Male) |
| 11:24 | Build | Blacksmith |
| 11:41 | Create | Villager (Male) |
| 12:08 | Build | Mining Camp |
| 12:34 | Create | Villager (Male) |
| 13:00 | Research | Castle Age |
| 13:00 | Research | Castle Age |
| 13:00 | Research | Castle Age |
| 13:34 | Research | Double-Bit Axe |
| 13:35 | Research | Double-Bit Axe |
| 15:40 | Age | Castle Age |
| 15:41 | Create | Villager (Male) |
| 15:42 | Create | Villager (Male) |
| 15:42 | Create | Villager (Male) |
| 16:03 | Build | Castle |
| 16:22 | Build | Farm |
| 16:23 | Build | Farm |
| 16:24 | Build | Farm |
| 16:26 | Build | Farm |
| 16:27 | Build | Farm |
| 16:28 | Build | Farm |
| 17:07 | Build | Castle |
| 17:11 | Create | Villager (Male) |
| 17:11 | Create | Villager (Male) |
| 17:19 | Build | Farm |
| 18:24 | Build | Siege Workshop |
| 18:29 | Create | Conquistador |
| 18:29 | Create | Conquistador |
| 18:46 | Build | Mining Camp |
| 19:15 | Create | Battering Ram |
| 19:15 | Create | Battering Ram |
| 19:19 | Create | Conquistador |
| 19:19 | Create | Conquistador |
| 19:31 | Create | Villager (Male) |
| 19:32 | Create | Villager (Male) |
| 20:06 | Create | Battering Ram |
| 20:06 | Create | Battering Ram |
| 20:39 | Create | Conquistador |
| 20:39 | Create | Conquistador |
| 20:43 | Create | Villager (Male) |
| 20:43 | Create | Villager (Male) |
| 20:44 | Create | Villager (Male) |
| 21:09 | Create | Conquistador |
| 21:10 | Create | Conquistador |
| 21:10 | Create | Conquistador |
| 21:10 | Create | Conquistador |
| 21:46 | Create | Battering Ram |
| 22:10 | Create | Villager (Male) |
| 22:11 | Create | Villager (Male) |
| 22:11 | Create | Villager (Male) |
| 22:33 | Create | Villager (Male) |
| 22:39 | Build | Farm |
| 22:47 | Create | Villager (Male) |
| 22:47 | Create | Villager (Male) |
| 23:04 | Build | Farm |
| 23:22 | Create | Villager (Male) |
| 23:22 | Create | Villager (Male) |
| 23:23 | Create | Villager (Male) |
| 23:48 | Create | Villager (Male) |
| 23:48 | Create | Villager (Male) |
| 23:58 | Research | Bow Saw |
| 23:58 | Research | Bow Saw |
| 24:18 | Create | Villager (Male) |
| 24:51 | Create | Conquistador |
| 24:51 | Create | Conquistador |
| 25:15 | Research | Horse Collar |
| 25:15 | Research | Horse Collar |
| 25:16 | Create | Villager (Male) |
| 25:17 | Create | Villager (Male) |
| 25:46 | Create | Villager (Male) |
| 25:46 | Create | Villager (Male) |
| 25:46 | Create | Villager (Male) |
| 26:27 | Create | Villager (Male) |
| 26:38 | Build | House |
| 26:39 | Build | House |
| 26:39 | Build | House |
| 26:52 | Build | Farm |
| 26:52 | Create | Villager (Male) |
| 26:53 | Create | Villager (Male) |
| 27:18 | Create | Villager (Male) |
| 27:48 | Build | Mining Camp |
| 28:00 | Create | Villager (Male) |
| 28:38 | Create | Villager (Male) |
| 28:42 | Build | Town Center |
| 29:10 | Create | Villager (Male) |
| 29:23 | Create | Conquistador |
| 29:24 | Create | Conquistador |
| 29:29 | Create | Villager (Male) |
| 29:30 | Create | Villager (Male) |
| 29:32 | Create | Villager (Male) |
| 29:32 | Create | Villager (Male) |
| 30:02 | Build | Monastery |
| 30:10 | Create | Villager (Male) |
| 30:26 | Build | Castle |
| 30:52 | Research | Imperial Age |
| 30:52 | Research | Imperial Age |
| 30:52 | Research | Imperial Age |
| 30:58 | Create | Monk |
| 31:16 | Build | Mining Camp |
| 31:31 | Create | Villager (Male) |
| 31:32 | Create | Villager (Male) |
| 31:53 | Build | Farm |
| 31:54 | Build | Farm |
| 31:55 | Build | Farm |
| 31:56 | Build | Farm |
| 31:57 | Build | Farm |
| 31:59 | Build | Farm |
| 32:03 | Research | Gold Mining |
Build order — I Chris I4718
First 150 of 262 actions detected
| 0:02 | Create | Villager (Male) |
| 0:03 | Build | House |
| 0:04 | Build | House |
| 0:06 | Build | House |
| 0:14 | Create | Villager (Male) |
| 0:52 | Create | Villager (Male) |
| 0:53 | Create | Villager (Male) |
| 1:28 | Create | Villager (Male) |
| 2:09 | Create | Villager (Male) |
| 2:20 | Build | Lumber Camp |
| 2:23 | Build | House |
| 2:28 | Create | Villager (Male) |
| 2:51 | Create | Villager (Male) |
| 2:58 | Create | Villager (Male) |
| 3:50 | Create | Villager (Male) |
| 3:51 | Create | Villager (Male) |
| 4:40 | Create | Villager (Male) |
| 5:04 | Create | Villager (Male) |
| 5:04 | Create | Villager (Male) |
| 5:49 | Create | Villager (Male) |
| 6:22 | Create | Villager (Male) |
| 6:22 | Create | Villager (Male) |
| 7:05 | Build | Mill |
| 7:09 | Create | Villager (Male) |
| 7:09 | Create | Villager (Male) |
| 7:34 | Build | Mining Camp |
| 8:05 | Create | Villager (Male) |
| 8:36 | Build | Mill |
| 8:39 | Research | Feudal Age |
| 9:14 | Build | Barracks |
| 10:06 | Create | Villager (Male) ×3 |
| 10:12 | Build | House |
| 10:32 | Create | Militia |
| 10:32 | Create | Militia |
| 10:38 | Create | Militia |
| 10:54 | Build | Blacksmith |
| 11:13 | Build | Farm |
| 11:13 | Build | Farm |
| 11:13 | Build | Farm |
| 11:37 | Build | Siege Workshop |
| 11:41 | Create | Villager (Male) |
| 11:59 | Create | Militia |
| 12:07 | Build | House |
| 12:14 | Research | Man-at-Arms (upgrade) |
| 12:59 | Create | Battering Ram |
| 13:06 | Create | Militia |
| 13:06 | Create | Militia |
| 13:08 | Create | Villager (Male) |
| 13:08 | Create | Villager (Male) |
| 13:31 | Research | Forging |
| 13:38 | Build | House |
| 13:43 | Build | House |
| 13:54 | Create | Militia |
| 14:18 | Create | Militia |
| 14:23 | Create | Battering Ram |
| 14:44 | Create | Villager (Male) |
| 14:52 | Create | Militia |
| 14:52 | Create | Militia |
| 15:27 | Create | Villager (Male) |
| 15:31 | Create | Battering Ram |
| 15:33 | Create | Militia |
| 15:33 | Create | Militia |
| 16:08 | Build | House |
| 16:09 | Build | House |
| 16:09 | Build | House |
| 16:09 | Build | House |
| 16:10 | Build | House |
| 16:10 | Build | House |
| 16:10 | Build | House |
| 16:10 | Build | House |
| 16:46 | Create | Villager (Male) |
| 16:46 | Create | Villager (Male) |
| 17:25 | Create | Battering Ram |
| 17:27 | Create | Militia |
| 17:28 | Create | Militia |
| 17:52 | Build | Mining Camp |
| 19:29 | Create | Villager (Male) |
| 19:30 | Create | Villager (Male) |
| 19:58 | Build | Farm |
| 19:58 | Build | Farm |
| 19:58 | Build | Farm |
| 19:59 | Build | Farm |
| 19:59 | Build | Farm |
| 19:59 | Build | Farm |
| 20:00 | Build | Farm |
| 20:00 | Build | Farm |
| 20:23 | Build | House |
| 20:29 | Build | House |
| 20:32 | Build | House |
| 20:44 | Create | Villager (Male) |
| 22:43 | Build | Town Center |
| 25:21 | Build | Farm |
| 25:21 | Build | Farm |
| 25:21 | Build | Farm |
| 25:21 | Build | Farm |
| 25:22 | Build | Farm |
| 25:22 | Build | Farm |
| 25:22 | Build | Farm |
| 26:27 | Create | Villager (Male) |
| 26:45 | Create | Villager (Male) |
| 27:53 | Create | Villager (Male) |
| 28:30 | Create | Villager (Male) |
| 28:31 | Create | Villager (Male) |
| 28:31 | Create | Villager (Male) |
| 29:09 | Create | Villager (Male) |
| 29:25 | Build | House |
| 29:25 | Build | House |
| 29:26 | Build | House |
| 29:26 | Build | House |
| 29:26 | Build | House |
| 29:26 | Build | House |
| 29:27 | Build | House |
| 29:27 | Build | House |
| 29:27 | Build | House |
| 29:27 | Build | House |
| 29:27 | Build | House |
| 29:28 | Build | House |
| 29:28 | Build | House |
| 29:29 | Build | House |
| 29:29 | Build | House |
| 29:29 | Build | House |
| 29:30 | Build | House |
| 29:30 | Build | House |
| 29:31 | Build | House |
| 29:47 | Build | Mill |
| 29:48 | Build | Farm |
| 29:49 | Build | Farm |
| 29:49 | Build | Farm |
| 29:50 | Build | Farm |
| 29:54 | Create | Villager (Male) |
| 29:54 | Create | Villager (Male) |
| 29:54 | Create | Villager (Male) |
| 30:05 | Research | Loom |
| 30:27 | Research | Wheelbarrow |
| 30:45 | Create | Villager (Male) |
| 30:47 | Create | Villager (Male) |
| 31:36 | Create | Villager (Male) |
| 32:24 | Create | Villager (Male) |
| 32:27 | Create | Villager (Male) |
| 33:23 | Create | Villager (Male) ×5 |
| 34:32 | Build | Mining Camp |
| 34:46 | Create | Villager (Male) ×5 |
| 35:56 | Build | Farm |
| 36:12 | Build | Farm |
| 37:13 | Build | Lumber Camp |
| 37:29 | Build | Lumber Camp |
| 37:42 | Research | Double-Bit Axe |
| 38:47 | Create | Villager (Male) ×5 |
| 38:53 | Build | House |
| 38:54 | Build | House |
Build order — KELTIK44
First 150 of 334 actions detected
| 0:01 | Create | Villager (Male) ×4 |
| 0:02 | Create | Villager (Male) ×4 |
| 0:02 | Create | Villager (Male) ×4 |
| 0:05 | Build | House |
| 0:06 | Build | House |
| 1:26 | Create | Villager (Male) |
| 1:27 | Create | Villager (Male) |
| 2:05 | Create | Villager (Male) |
| 2:05 | Create | Villager (Male) |
| 2:15 | Create | Villager (Male) |
| 2:15 | Create | Villager (Male) |
| 2:44 | Create | Villager (Male) |
| 2:44 | Create | Villager (Male) |
| 2:51 | Create | Villager (Male) |
| 2:51 | Create | Villager (Male) |
| 3:27 | Build | House |
| 3:33 | Build | House |
| 3:34 | Build | House |
| 3:34 | Build | House |
| 3:39 | Create | Villager (Male) |
| 3:39 | Create | Villager (Male) |
| 3:55 | Build | Mill |
| 4:10 | Create | Villager (Male) |
| 4:10 | Create | Villager (Male) |
| 4:30 | Create | Villager (Male) |
| 4:31 | Create | Villager (Male) |
| 4:31 | Create | Villager (Male) |
| 4:31 | Create | Villager (Male) |
| 5:07 | Create | Villager (Male) |
| 5:07 | Create | Villager (Male) |
| 5:31 | Create | Villager (Male) |
| 5:31 | Create | Villager (Male) |
| 5:37 | Create | Villager (Male) |
| 5:38 | Create | Villager (Male) |
| 5:38 | Create | Villager (Male) |
| 5:50 | Create | Villager (Male) |
| 5:50 | Create | Villager (Male) |
| 5:50 | Create | Villager (Male) |
| 6:01 | Create | Villager (Male) |
| 6:01 | Create | Villager (Male) |
| 6:13 | Create | Villager (Male) |
| 6:13 | Create | Villager (Male) |
| 6:57 | Build | Lumber Camp |
| 7:17 | Build | Lumber Camp |
| 7:23 | Create | Villager (Male) |
| 7:23 | Create | Villager (Male) |
| 8:43 | Build | Mining Camp |
| 9:12 | Create | Villager (Male) |
| 9:28 | Build | Mining Camp |
| 9:33 | Research | Feudal Age |
| 10:48 | Build | House |
| 10:56 | Build | House |
| 10:57 | Build | House |
| 11:06 | Create | Villager (Male) |
| 11:06 | Create | Villager (Male) |
| 11:06 | Create | Villager (Male) |
| 11:47 | Age | Feudal Age |
| 11:52 | Build | Market |
| 12:03 | Research | Horse Collar |
| 12:11 | Build | Blacksmith |
| 12:26 | Create | Villager (Male) |
| 12:32 | Build | Farm |
| 12:32 | Build | Farm |
| 12:33 | Build | Farm |
| 12:34 | Build | Farm |
| 12:36 | Build | Farm |
| 12:37 | Build | Farm |
| 12:44 | Build | Farm |
| 13:09 | Create | Villager (Male) |
| 13:16 | Build | Farm |
| 13:26 | Build | Farm |
| 13:36 | Build | Farm |
| 13:46 | Create | Villager (Male) |
| 13:47 | Create | Villager (Male) |
| 13:47 | Create | Villager (Male) |
| 13:56 | Build | Farm |
| 14:02 | Build | Farm |
| 14:12 | Build | Farm |
| 14:33 | Build | Farm |
| 14:43 | Build | Farm |
| 15:02 | Create | Villager (Male) |
| 15:12 | Build | Farm |
| 15:35 | Research | Castle Age |
| 16:34 | Build | House |
| 16:35 | Build | House |
| 16:36 | Build | House |
| 16:37 | Build | House |
| 16:42 | Build | House |
| 16:43 | Build | House |
| 16:44 | Build | House |
| 16:58 | Build | Barracks |
| 17:12 | Research | Double-Bit Axe |
| 17:48 | Create | Villager (Male) ×5 |
| 18:08 | Build | Archery Range |
| 18:09 | Build | Archery Range |
| 18:15 | Age | Castle Age |
| 18:27 | Build | Town Center |
| 18:50 | Create | Villager (Male) |
| 18:50 | Create | Villager (Male) |
| 19:37 | Create | Villager (Male) ×5 |
| 19:39 | Create | Villager (Male) |
| 19:42 | Create | Villager (Male) |
| 19:42 | Create | Villager (Male) |
| 20:10 | Build | House |
| 20:14 | Build | House |
| 20:15 | Build | House |
| 20:27 | Build | Farm |
| 20:31 | Build | Farm |
| 20:33 | Build | Farm |
| 20:43 | Build | Town Center |
| 21:33 | Build | University |
| 21:56 | Create | Villager (Male) |
| 21:57 | Create | Villager (Male) |
| 21:57 | Create | Villager (Male) |
| 21:58 | Create | Villager (Male) |
| 21:59 | Create | Villager (Male) |
| 22:07 | Build | Monastery |
| 22:19 | Build | Farm |
| 22:21 | Build | Farm |
| 22:25 | Build | Farm |
| 22:45 | Build | Mining Camp |
| 22:50 | Research | Imperial Age |
| 22:55 | Create | Villager (Male) |
| 23:30 | Build | Mill |
| 23:35 | Build | Farm |
| 23:44 | Build | Mill |
| 23:47 | Build | Farm |
| 23:48 | Build | Farm |
| 23:49 | Build | Farm |
| 23:50 | Build | Farm |
| 23:56 | Build | Farm |
| 24:13 | Build | Farm |
| 24:17 | Create | Villager (Male) |
| 24:17 | Create | Villager (Male) |
| 24:17 | Create | Villager (Male) |
| 24:18 | Create | Villager (Male) |
| 24:19 | Create | Villager (Male) |
| 24:19 | Create | Villager (Male) |
| 24:37 | Build | House |
| 24:38 | Build | House |
| 24:38 | Build | House |
| 24:39 | Build | House |
| 24:40 | Build | House |
| 24:46 | Research | Gold Mining |
| 24:56 | Create | Villager (Male) |
| 24:56 | Create | Villager (Male) |
| 24:57 | Create | Villager (Male) |
| 24:57 | Create | Villager (Male) |
| 25:21 | Create | Villager (Male) |
| 25:21 | Create | Villager (Male) |
Build order — 红姐怎么还在种田
First 150 of 307 actions detected
| 0:13 | Create | Villager (Male) |
| 0:13 | Create | Villager (Male) |
| 0:13 | Create | Villager (Male) |
| 0:14 | Create | Villager (Male) |
| 0:14 | Create | Villager (Male) |
| 2:03 | Create | Villager (Male) |
| 2:27 | Create | Villager (Male) |
| 2:28 | Create | Villager (Male) |
| 2:52 | Create | Villager (Male) |
| 2:52 | Create | Villager (Male) |
| 3:11 | Create | Villager (Male) |
| 3:11 | Create | Villager (Male) |
| 3:37 | Create | Villager (Male) |
| 3:37 | Create | Villager (Male) |
| 4:18 | Create | Villager (Male) |
| 4:18 | Create | Villager (Male) |
| 4:18 | Create | Villager (Male) |
| 4:44 | Create | Villager (Male) |
| 4:45 | Create | Villager (Male) |
| 4:45 | Create | Villager (Male) |
| 4:45 | Create | Villager (Male) |
| 5:22 | Create | Villager (Male) |
| 5:22 | Create | Villager (Male) |
| 5:46 | Create | Villager (Male) |
| 5:47 | Create | Villager (Male) |
| 5:47 | Create | Villager (Male) |
| 6:14 | Build | Mill |
| 6:22 | Create | Villager (Male) |
| 6:23 | Create | Villager (Male) |
| 6:34 | Create | Villager (Male) |
| 6:34 | Create | Villager (Male) |
| 6:35 | Create | Villager (Male) |
| 6:59 | Build | Lumber Camp |
| 7:58 | Build | Mining Camp |
| 8:52 | Create | Villager (Male) |
| 8:54 | Create | Villager (Male) |
| 8:55 | Create | Villager (Male) |
| 8:55 | Create | Villager (Male) |
| 9:38 | Create | Villager (Male) |
| 9:39 | Create | Villager (Male) |
| 9:47 | Create | Villager (Male) |
| 10:40 | Research | Feudal Age |
| 10:59 | Build | Farm |
| 11:49 | Build | Barracks |
| 12:00 | Build | Barracks |
| 12:20 | Create | Villager (Male) |
| 12:20 | Create | Villager (Male) |
| 13:33 | Age | Feudal Age |
| 13:34 | Create | Villager (Male) |
| 13:43 | Build | Farm |
| 13:47 | Build | Farm |
| 13:50 | Build | Farm |
| 14:01 | Build | Farm |
| 14:02 | Build | Farm |
| 14:06 | Build | Farm |
| 14:09 | Build | Farm |
| 14:12 | Build | Farm |
| 14:42 | Build | Blacksmith |
| 14:48 | Build | Farm |
| 14:58 | Build | Farm |
| 15:14 | Create | Villager (Male) |
| 16:11 | Build | Market |
| 16:17 | Build | Farm |
| 16:19 | Create | Villager (Male) |
| 16:32 | Create | Villager (Male) |
| 16:51 | Build | Farm |
| 16:59 | Research | Horse Collar |
| 17:03 | Research | Double-Bit Axe |
| 17:18 | Create | Villager (Male) |
| 17:25 | Build | Farm |
| 17:34 | Research | Castle Age |
| 18:43 | Create | Villager (Male) |
| 18:43 | Create | Villager (Male) |
| 18:46 | Create | Villager (Male) |
| 18:54 | Research | Stone Mining |
| 18:55 | Research | Gold Mining |
| 19:02 | Create | Spearman |
| 19:03 | Create | Spearman |
| 19:06 | Create | Spearman |
| 19:06 | Create | Spearman |
| 19:55 | Research | Wheelbarrow |
| 20:23 | Age | Castle Age |
| 20:39 | Research | Heavy Plow |
| 21:13 | Build | Town Center |
| 21:41 | Build | Farm |
| 21:50 | Create | Villager (Male) |
| 22:50 | Build | Farm |
| 22:51 | Build | Farm |
| 23:01 | Create | Villager (Male) |
| 23:02 | Create | Villager (Male) |
| 23:45 | Build | Castle |
| 23:56 | Build | Farm |
| 23:59 | Create | Villager (Male) |
| 23:59 | Create | Villager (Male) |
| 24:00 | Create | Villager (Male) |
| 24:05 | Research | Bow Saw |
| 24:08 | Create | Villager (Male) ×5 |
| 24:10 | Create | Villager (Male) ×5 |
| 24:23 | Build | Farm |
| 24:42 | Research | Hand Cart |
| 24:47 | Build | Farm |
| 25:19 | Build | Farm |
| 25:22 | Build | Farm |
| 25:36 | Build | Farm |
| 25:48 | Build | Farm |
| 26:08 | Build | Stable |
| 26:12 | Build | Stable |
| 26:21 | Build | Stable |
| 26:30 | Build | Farm |
| 26:33 | Build | Farm |
| 26:36 | Build | Farm |
| 26:44 | Create | Villager (Male) ×5 |
| 26:58 | Build | Barracks |
| 27:01 | Build | Barracks |
| 27:14 | Build | Farm |
| 27:33 | Research | Imperial Age |
| 28:43 | Research | Squires |
| 28:47 | Research | Pikeman (upgrade) |
| 28:55 | Research | Pikeman (upgrade) |
| 29:03 | Research | Scale Mail Armor |
| 29:12 | Research | Padded Archer Armor |
| 29:18 | Research | Forging |
| 29:32 | Build | Farm |
| 29:47 | Build | Mining Camp |
| 30:17 | Build | Town Center |
| 30:29 | Create | Villager (Male) |
| 30:29 | Create | Villager (Male) |
| 30:30 | Create | Villager (Male) |
| 30:30 | Create | Villager (Male) ×5 |
| 30:34 | Create | Villager (Male) ×5 |
| 30:37 | Research | Gold Shaft Mining |
| 30:57 | Create | Spearman ×5 |
| 30:58 | Create | Spearman ×5 |
| 31:02 | Create | Spearman ×5 |
| 31:21 | Create | Villager (Male) ×5 |
| 31:24 | Age | Imperial Age |
| 31:26 | Create | Villager (Male) ×5 |
| 31:32 | Research | Two-Man Saw |
| 31:47 | Build | Stable |
| 31:53 | Research | Husbandry |
| 31:54 | Research | Bloodlines |
| 32:09 | Build | Barracks |
| 32:11 | Build | Barracks |
| 32:30 | Build | Lumber Camp |
| 32:44 | Create | Villager (Male) ×5 |
| 33:00 | Build | Farm |
| 33:02 | Build | Farm |
| 33:34 | Research | Conscription |
| 33:48 | Research | Scale Barding Armor |
| 33:52 | Research | Iron Casting |
Build order — HighSociety93
First 150 of 1301 actions detected
| 0:00 | Create | Villager (Male) |
| 0:01 | Create | Villager (Male) |
| 0:01 | Create | Villager (Male) |
| 0:02 | Build | House |
| 0:04 | Build | House |
| 0:13 | Create | Villager (Male) |
| 0:13 | Create | Villager (Male) |
| 1:24 | Create | Villager (Male) |
| 1:49 | Build | Lumber Camp |
| 2:01 | Create | Villager (Male) |
| 2:01 | Create | Villager (Male) |
| 2:25 | Create | Villager (Male) |
| 2:25 | Create | Villager (Male) |
| 2:25 | Create | Villager (Male) |
| 2:45 | Create | Villager (Male) |
| 2:45 | Create | Villager (Male) |
| 3:09 | Create | Villager (Male) |
| 3:09 | Create | Villager (Male) |
| 3:23 | Build | House |
| 3:37 | Create | Villager (Male) |
| 3:37 | Create | Villager (Male) |
| 4:17 | Build | Mill |
| 4:33 | Create | Villager (Male) |
| 4:34 | Create | Villager (Male) |
| 4:59 | Create | Villager (Male) |
| 4:59 | Create | Villager (Male) |
| 5:20 | Create | Villager (Male) |
| 5:21 | Create | Villager (Male) |
| 5:31 | Build | House |
| 5:35 | Create | Villager (Male) |
| 5:35 | Create | Villager (Male) |
| 6:07 | Create | Villager (Male) |
| 6:08 | Create | Villager (Male) |
| 6:08 | Create | Villager (Male) |
| 6:29 | Create | Villager (Male) |
| 7:21 | Create | Villager (Male) |
| 7:21 | Create | Villager (Male) |
| 7:36 | Create | Villager (Male) |
| 7:41 | Build | House |
| 8:25 | Build | Mining Camp |
| 8:46 | Research | Feudal Age |
| 9:14 | Create | Villager (Male) |
| 9:15 | Create | Villager (Male) |
| 11:21 | Age | Feudal Age |
| 11:23 | Build | Blacksmith |
| 11:27 | Build | Market |
| 11:29 | Research | Double-Bit Axe |
| 11:29 | Research | Double-Bit Axe |
| 12:16 | Research | Castle Age |
| 12:16 | Research | Castle Age |
| 12:34 | Build | House |
| 12:49 | Research | Gold Mining |
| 12:50 | Research | Gold Mining |
| 13:11 | Build | Farm |
| 13:11 | Build | Farm |
| 13:11 | Build | Farm |
| 13:11 | Build | Farm |
| 13:16 | Build | Farm |
| 13:19 | Research | Horse Collar |
| 13:19 | Research | Horse Collar |
| 13:19 | Research | Horse Collar |
| 13:32 | Research | Loom |
| 13:36 | Create | Villager (Male) |
| 14:20 | Build | Mining Camp |
| 14:24 | Build | House |
| 14:35 | Research | Wheelbarrow |
| 14:53 | Build | Barracks |
| 14:56 | Age | Castle Age |
| 15:02 | Build | Siege Workshop |
| 15:21 | Build | Town Center |
| 15:48 | Create | Scorpion |
| 15:57 | Build | House |
| 16:18 | Create | Mangonel |
| 16:24 | Build | House |
| 16:26 | Build | House |
| 16:29 | Build | Palisade Wall |
| 16:35 | Build | House |
| 16:43 | Build | Palisade Wall |
| 16:51 | Build | House |
| 16:59 | Build | House |
| 17:01 | Create | Villager (Male) |
| 17:02 | Create | Villager (Male) |
| 17:38 | Create | Mangonel |
| 17:58 | Build | House |
| 18:14 | Build | Farm |
| 18:14 | Build | Farm |
| 18:14 | Build | Farm |
| 19:21 | Build | House |
| 19:23 | Build | House |
| 19:26 | Build | House |
| 19:52 | Build | House |
| 20:07 | Create | Villager (Male) |
| 20:07 | Create | Villager (Male) |
| 20:07 | Create | Villager (Male) |
| 20:16 | Build | Farm |
| 20:17 | Build | Farm |
| 20:17 | Build | Farm |
| 20:23 | Create | Villager (Male) |
| 20:42 | Build | Siege Workshop |
| 20:50 | Create | Villager (Male) |
| 21:05 | Build | Farm |
| 21:12 | Create | Villager (Male) |
| 21:12 | Create | Villager (Male) |
| 21:16 | Build | Farm |
| 21:33 | Build | House |
| 22:01 | Create | Villager (Male) |
| 22:21 | Create | Villager (Male) |
| 22:29 | Create | Mangonel |
| 22:38 | Build | House |
| 23:02 | Build | Palisade Wall |
| 23:06 | Build | House |
| 23:14 | Create | Villager (Male) |
| 23:26 | Build | Palisade Wall |
| 23:34 | Create | Villager (Male) |
| 23:54 | Create | Villager (Male) |
| 24:17 | Build | Town Center |
| 24:22 | Create | Villager (Male) |
| 25:05 | Research | Heavy Plow |
| 25:06 | Research | Heavy Plow |
| 25:37 | Create | Villager (Male) |
| 25:37 | Create | Villager (Male) |
| 25:37 | Create | Villager (Male) |
| 25:38 | Create | Villager (Male) |
| 25:52 | Create | Villager (Male) |
| 26:03 | Build | Farm |
| 26:03 | Build | Farm |
| 26:04 | Build | Farm |
| 26:04 | Build | Farm |
| 26:04 | Build | Farm |
| 26:04 | Build | Farm |
| 26:04 | Build | Farm |
| 26:05 | Build | Farm |
| 26:05 | Build | Farm |
| 26:07 | Create | Villager (Male) |
| 26:36 | Build | Town Center |
| 26:40 | Create | Villager (Male) |
| 26:41 | Create | Villager (Male) |
| 26:41 | Create | Villager (Male) |
| 26:41 | Create | Villager (Male) |
| 26:49 | Build | House |
| 27:00 | Research | Bow Saw |
| 27:01 | Research | Bow Saw |
| 27:01 | Research | Bow Saw |
| 27:19 | Create | Villager (Male) |
| 27:20 | Create | Villager (Male) |
| 27:20 | Create | Villager (Male) |
| 27:26 | Create | Villager (Male) |
| 27:26 | Create | Villager (Male) |
| 27:31 | Build | Farm |
| 27:31 | Build | Farm |
Build order — Amin
First 150 of 362 actions detected
| 0:02 | Build | House |
| 0:04 | Build | House |
| 0:05 | Create | Villager (Male) |
| 0:05 | Create | Villager (Male) |
| 0:05 | Create | Villager (Male) |
| 0:06 | Create | Villager (Male) |
| 1:37 | Create | Villager (Male) |
| 1:37 | Create | Villager (Male) |
| 1:37 | Create | Villager (Male) |
| 1:49 | Build | Lumber Camp |
| 2:11 | Create | Villager (Male) |
| 2:11 | Create | Villager (Male) |
| 2:29 | Create | Villager (Male) |
| 2:29 | Create | Villager (Male) |
| 3:36 | Create | Villager (Male) |
| 3:36 | Create | Villager (Male) |
| 3:37 | Create | Villager (Male) |
| 3:37 | Create | Villager (Male) |
| 4:22 | Create | Villager (Male) |
| 4:22 | Create | Villager (Male) |
| 4:22 | Create | Villager (Male) |
| 5:04 | Create | Villager (Male) |
| 5:04 | Create | Villager (Male) |
| 5:04 | Create | Villager (Male) |
| 5:05 | Create | Villager (Male) |
| 5:05 | Create | Villager (Male) |
| 5:05 | Create | Villager (Male) |
| 5:21 | Build | House |
| 6:25 | Build | House |
| 6:31 | Create | Villager (Male) |
| 6:32 | Create | Villager (Male) |
| 6:33 | Create | Villager (Male) |
| 6:59 | Build | Mill |
| 8:26 | Research | Feudal Age |
| 9:07 | Create | Villager (Male) |
| 9:08 | Create | Villager (Male) |
| 9:08 | Create | Villager (Male) |
| 9:08 | Create | Villager (Male) |
| 9:09 | Create | Villager (Male) |
| 9:37 | Create | Villager (Male) |
| 10:04 | Build | House |
| 10:57 | Age | Feudal Age |
| 11:06 | Build | Lumber Camp |
| 11:32 | Build | Market |
| 11:40 | Build | Blacksmith |
| 11:54 | Build | Farm |
| 11:55 | Build | Farm |
| 12:26 | Build | Mining Camp |
| 12:27 | Research | Double-Bit Axe |
| 12:40 | Build | House |
| 13:00 | Build | Farm |
| 13:03 | Build | Farm |
| 13:30 | Build | Farm |
| 13:39 | Build | Farm |
| 14:11 | Research | Castle Age |
| 14:57 | Build | House |
| 15:30 | Build | Outpost |
| 15:40 | Create | Villager (Male) |
| 15:40 | Create | Villager (Male) |
| 16:16 | Build | House |
| 16:29 | Build | Farm |
| 16:29 | Build | Farm |
| 16:44 | Build | House |
| 16:51 | Age | Castle Age |
| 17:08 | Build | House |
| 17:16 | Build | Town Center |
| 17:34 | Build | Outpost |
| 17:39 | Build | House |
| 17:41 | Create | Villager (Male) |
| 17:52 | Build | Town Center |
| 18:02 | Research | Bow Saw |
| 18:23 | Build | House |
| 18:43 | Build | House |
| 18:44 | Create | Villager (Male) |
| 18:46 | Create | Villager (Male) |
| 18:57 | Create | Villager (Male) ×5 |
| 19:21 | Build | Town Center |
| 19:26 | Build | Farm |
| 19:29 | Build | House |
| 19:42 | Create | Villager (Male) ×5 |
| 19:50 | Build | Farm |
| 20:02 | Build | House |
| 20:09 | Research | Loom |
| 20:12 | Build | Farm |
| 20:31 | Build | Monastery |
| 20:38 | Build | Farm |
| 20:45 | Build | House |
| 20:50 | Create | Villager (Male) ×5 |
| 21:31 | Build | Farm |
| 21:33 | Build | Farm |
| 21:36 | Build | Farm |
| 21:39 | Build | Farm |
| 21:46 | Create | Monk |
| 21:54 | Build | Farm |
| 21:56 | Create | Villager (Male) ×4 |
| 22:00 | Build | House |
| 22:03 | Build | Farm |
| 22:05 | Create | Villager (Male) |
| 22:10 | Build | House |
| 22:15 | Build | House |
| 22:17 | Create | Villager (Male) ×2 |
| 22:33 | Build | Farm |
| 22:37 | Build | Farm |
| 22:39 | Build | Farm |
| 22:44 | Build | House |
| 22:49 | Create | Monk |
| 22:52 | Build | Farm |
| 22:54 | Build | Farm |
| 22:57 | Build | Farm |
| 23:00 | Build | Farm |
| 23:02 | Build | Farm |
| 23:06 | Build | Farm |
| 23:17 | Create | Villager (Male) ×5 |
| 23:20 | Build | House |
| 23:37 | Create | Villager (Male) ×4 |
| 23:52 | Build | House |
| 23:56 | Research | Wheelbarrow |
| 23:56 | Research | Wheelbarrow |
| 23:59 | Build | Farm |
| 24:05 | Research | Town Watch |
| 24:05 | Research | Town Watch |
| 24:27 | Create | Villager (Male) ×4 |
| 24:33 | Build | Farm |
| 24:35 | Build | House |
| 24:39 | Create | Villager (Male) ×2 |
| 24:55 | Create | Villager (Male) ×2 |
| 24:58 | Create | Villager (Male) |
| 24:59 | Create | Villager (Male) |
| 25:01 | Create | Villager (Male) |
| 25:01 | Create | Villager (Male) |
| 25:22 | Create | Villager (Male) ×4 |
| 25:22 | Create | Villager (Male) ×4 |
| 25:46 | Create | Villager (Male) ×5 |
| 26:07 | Build | Farm |
| 26:17 | Build | Castle |
| 26:25 | Create | Villager (Male) ×5 |
| 26:28 | Build | Farm |
| 26:40 | Create | Villager (Male) ×4 |
| 27:09 | Build | Barracks |
| 27:09 | Build | Barracks |
| 27:10 | Build | Barracks |
| 27:13 | Build | Farm |
| 27:16 | Build | Farm |
| 27:22 | Build | Mining Camp |
| 27:24 | Create | Villager (Male) ×5 |
| 27:37 | Build | Farm |
| 27:46 | Create | Villager (Male) ×5 |
| 28:01 | Build | Siege Workshop |
| 28:02 | Build | Siege Workshop |
| 28:04 | Build | Siege Workshop |
Build order — Eskiçeri
First 150 of 407 actions detected
| 0:03 | Create | Villager (Male) |
| 0:03 | Create | Villager (Male) |
| 0:03 | Create | Villager (Male) |
| 0:03 | Create | Villager (Male) |
| 0:04 | Create | Villager (Male) |
| 0:04 | Create | Villager (Male) |
| 0:09 | Build | House |
| 0:10 | Build | House |
| 1:35 | Create | Villager (Male) |
| 1:36 | Create | Villager (Male) |
| 2:08 | Create | Villager (Male) |
| 2:09 | Create | Villager (Male) |
| 2:20 | Build | Lumber Camp |
| 2:23 | Create | Villager (Male) |
| 2:23 | Create | Villager (Male) |
| 3:09 | Create | Villager (Male) |
| 3:09 | Create | Villager (Male) |
| 3:09 | Create | Villager (Male) |
| 3:10 | Create | Villager (Male) |
| 3:10 | Create | Villager (Male) |
| 3:10 | Create | Villager (Male) |
| 3:11 | Create | Villager (Male) |
| 3:56 | Create | Villager (Male) |
| 3:56 | Create | Villager (Male) |
| 3:57 | Create | Villager (Male) |
| 4:26 | Build | House |
| 4:46 | Create | Villager (Male) |
| 4:47 | Create | Villager (Male) |
| 4:47 | Create | Villager (Male) |
| 5:28 | Create | Villager (Male) |
| 5:28 | Create | Villager (Male) |
| 5:28 | Create | Villager (Male) |
| 5:42 | Create | Villager (Male) |
| 5:43 | Create | Villager (Male) |
| 5:43 | Create | Villager (Male) |
| 5:49 | Build | House |
| 6:04 | Create | Villager (Male) |
| 6:05 | Create | Villager (Male) |
| 6:05 | Create | Villager (Male) |
| 6:18 | Create | Villager (Male) |
| 6:19 | Create | Villager (Male) |
| 6:19 | Create | Villager (Male) |
| 6:29 | Create | Villager (Male) |
| 6:29 | Create | Villager (Male) |
| 6:30 | Create | Villager (Male) |
| 6:30 | Create | Villager (Male) |
| 7:11 | Create | Villager (Male) |
| 7:12 | Create | Villager (Male) |
| 7:12 | Create | Villager (Male) |
| 7:12 | Create | Villager (Male) |
| 7:26 | Build | Mill |
| 7:28 | Create | Villager (Male) |
| 7:29 | Create | Villager (Male) |
| 8:03 | Build | House |
| 8:36 | Build | House |
| 9:24 | Build | Mining Camp |
| 9:30 | Research | Feudal Age |
| 10:17 | Build | Barracks |
| 10:41 | Build | House |
| 10:42 | Build | House |
| 10:44 | Build | House |
| 11:04 | Build | Farm |
| 11:08 | Build | Farm |
| 11:11 | Build | Farm |
| 11:16 | Build | Farm |
| 11:19 | Build | Farm |
| 11:28 | Build | Farm |
| 11:40 | Create | Villager (Male) |
| 11:41 | Create | Villager (Male) |
| 11:41 | Create | Villager (Male) |
| 11:43 | Age | Feudal Age |
| 11:59 | Build | Blacksmith |
| 12:37 | Build | Farm |
| 12:44 | Create | Villager (Male) |
| 12:57 | Build | Farm |
| 13:03 | Build | Farm |
| 13:06 | Build | Farm |
| 13:09 | Build | Farm |
| 13:20 | Build | Farm |
| 13:25 | Create | Villager (Male) |
| 13:49 | Create | Villager (Male) |
| 14:05 | Build | Market |
| 14:10 | Create | Villager (Male) |
| 14:23 | Build | Farm |
| 14:39 | Create | Villager (Male) |
| 15:10 | Research | Castle Age |
| 15:13 | Research | Arson |
| 15:50 | Create | Villager (Male) |
| 15:51 | Create | Villager (Male) |
| 15:51 | Create | Villager (Male) |
| 16:41 | Research | Double-Bit Axe |
| 16:57 | Create | Villager (Male) |
| 17:13 | Research | Horse Collar |
| 17:44 | Build | Farm |
| 17:45 | Build | Farm |
| 17:48 | Build | Farm |
| 17:50 | Age | Castle Age |
| 17:51 | Build | Farm |
| 18:01 | Build | Town Center |
| 18:22 | Research | Squires |
| 18:24 | Research | Pikeman (upgrade) |
| 18:30 | Build | Farm |
| 18:36 | Create | Villager (Male) |
| 19:01 | Build | Mill |
| 19:12 | Create | Villager (Male) |
| 19:12 | Create | Villager (Male) |
| 19:12 | Create | Villager (Male) |
| 19:12 | Create | Villager (Male) |
| 19:21 | Build | House |
| 19:28 | Build | House |
| 19:30 | Build | House |
| 19:31 | Build | House |
| 19:34 | Build | House |
| 19:35 | Build | House |
| 19:36 | Build | House |
| 19:37 | Build | House |
| 19:44 | Create | Villager (Male) ×5 |
| 19:48 | Create | Spearman ×4 |
| 20:32 | Create | Villager (Male) ×5 |
| 21:12 | Create | Villager (Male) ×5 |
| 21:21 | Build | Siege Workshop |
| 21:29 | Create | Villager (Male) |
| 21:47 | Build | Barracks |
| 21:51 | Create | Spearman |
| 21:51 | Create | Spearman |
| 21:55 | Create | Villager (Male) ×2 |
| 22:04 | Build | Farm |
| 22:11 | Create | Villager (Male) ×2 |
| 22:25 | Create | Mangonel |
| 22:32 | Create | Villager (Male) ×2 |
| 22:52 | Build | Barracks |
| 22:56 | Create | Spearman ×4 |
| 23:02 | Create | Villager (Male) |
| 23:28 | Create | Villager (Male) ×3 |
| 23:36 | Build | Farm |
| 23:37 | Build | Farm |
| 23:39 | Build | Farm |
| 23:40 | Build | Farm |
| 23:41 | Build | Farm |
| 23:43 | Build | Farm |
| 23:49 | Create | Villager (Male) ×2 |
| 24:16 | Build | Lumber Camp |
| 24:20 | Research | Bow Saw |
| 24:31 | Research | Heavy Plow |
| 24:39 | Build | House |
| 24:41 | Build | House |
| 24:42 | Build | House |
| 24:47 | Create | Villager (Male) |
| 24:51 | Create | Spearman |
| 24:58 | Create | Villager (Male) |
Build order — 76561199122638748
First 150 of 504 actions detected
| 0:02 | Create | Villager (Male) ×4 |
| 0:02 | Create | Villager (Male) ×4 |
| 0:07 | Build | House |
| 0:09 | Build | House |
| 0:51 | Build | House |
| 1:56 | Create | Villager (Male) |
| 2:26 | Create | Villager (Male) |
| 2:26 | Create | Villager (Male) |
| 2:46 | Create | Villager (Male) |
| 2:46 | Create | Villager (Male) |
| 3:14 | Create | Villager (Male) ×2 |
| 3:15 | Create | Villager (Male) ×2 |
| 3:29 | Create | Villager (Male) |
| 3:29 | Create | Villager (Male) |
| 3:43 | Build | Lumber Camp |
| 4:03 | Create | Villager (Male) |
| 4:04 | Create | Villager (Male) |
| 4:18 | Create | Villager (Male) |
| 4:18 | Create | Villager (Male) |
| 4:47 | Create | Villager (Male) |
| 4:48 | Create | Villager (Male) |
| 5:09 | Create | Villager (Male) |
| 5:09 | Create | Villager (Male) |
| 5:19 | Build | Mill |
| 5:40 | Build | House |
| 5:41 | Build | House |
| 5:42 | Build | House |
| 5:46 | Create | Villager (Male) ×2 |
| 5:47 | Create | Villager (Male) ×2 |
| 5:47 | Create | Villager (Male) ×2 |
| 6:36 | Create | Villager (Male) |
| 6:37 | Create | Villager (Male) |
| 7:33 | Create | Villager (Male) ×2 |
| 7:33 | Create | Villager (Male) ×2 |
| 7:59 | Create | Villager (Male) |
| 8:00 | Create | Villager (Male) |
| 8:00 | Create | Villager (Male) |
| 8:21 | Build | Mill |
| 8:27 | Create | Villager (Male) |
| 8:44 | Build | Mining Camp |
| 9:58 | Research | Feudal Age |
| 10:26 | Build | Farm |
| 10:27 | Build | Farm |
| 10:28 | Build | Farm |
| 10:30 | Build | Farm |
| 10:34 | Create | Villager (Male) |
| 10:34 | Create | Villager (Male) |
| 10:55 | Build | Farm |
| 10:56 | Build | Farm |
| 10:58 | Build | Farm |
| 11:26 | Build | Farm |
| 12:31 | Age | Feudal Age |
| 12:34 | Build | Market |
| 12:54 | Build | Farm |
| 13:04 | Build | Blacksmith |
| 13:08 | Create | Villager (Male) |
| 13:09 | Create | Villager (Male) |
| 13:36 | Research | Double-Bit Axe |
| 13:59 | Research | Castle Age |
| 14:28 | Build | Farm |
| 14:51 | Build | Lumber Camp |
| 14:57 | Create | Villager (Male) |
| 14:58 | Create | Villager (Male) |
| 15:23 | Build | House |
| 15:24 | Build | House |
| 15:25 | Build | House |
| 16:13 | Build | House |
| 16:16 | Build | House |
| 16:51 | Age | Castle Age |
| 17:00 | Build | Town Center |
| 17:10 | Build | Town Center |
| 17:19 | Create | Villager (Male) |
| 17:19 | Create | Villager (Male) |
| 17:19 | Create | Villager (Male) |
| 17:19 | Create | Villager (Male) |
| 17:20 | Create | Villager (Male) |
| 17:31 | Research | Bow Saw |
| 17:55 | Build | House |
| 17:56 | Build | House |
| 18:14 | Create | Villager (Male) |
| 18:14 | Create | Villager (Male) |
| 18:14 | Create | Villager (Male) |
| 18:15 | Create | Villager (Male) |
| 18:50 | Create | Villager (Male) |
| 18:50 | Create | Villager (Male) |
| 18:51 | Create | Villager (Male) |
| 18:51 | Create | Villager (Male) |
| 18:51 | Create | Villager (Male) |
| 18:56 | Create | Villager (Male) |
| 18:57 | Create | Villager (Male) |
| 19:00 | Research | Loom |
| 19:11 | Build | Farm |
| 19:25 | Create | Villager (Male) |
| 19:25 | Create | Villager (Male) |
| 19:54 | Create | Villager (Male) |
| 19:54 | Create | Villager (Male) |
| 19:55 | Create | Villager (Male) |
| 20:12 | Build | Mill |
| 20:16 | Build | Farm |
| 20:17 | Build | Farm |
| 20:31 | Build | Mill |
| 20:36 | Build | Farm |
| 20:38 | Build | Farm |
| 20:41 | Build | Farm |
| 20:41 | Build | Farm |
| 20:42 | Build | Farm |
| 20:47 | Create | Villager (Male) |
| 20:47 | Create | Villager (Male) |
| 20:48 | Create | Villager (Male) |
| 20:50 | Create | Villager (Male) |
| 20:50 | Create | Villager (Male) |
| 21:01 | Build | Farm |
| 21:02 | Build | Farm |
| 21:03 | Build | Farm |
| 21:04 | Build | Farm |
| 21:05 | Build | Farm |
| 21:06 | Build | Farm |
| 21:07 | Build | Farm |
| 21:08 | Build | Farm |
| 21:13 | Create | Villager (Male) |
| 21:13 | Create | Villager (Male) |
| 21:24 | Build | Mill |
| 21:28 | Build | Farm |
| 21:29 | Build | Farm |
| 21:30 | Build | Farm |
| 21:31 | Build | Farm |
| 21:32 | Build | Farm |
| 21:35 | Build | Farm |
| 21:36 | Build | Farm |
| 21:38 | Build | Farm |
| 21:39 | Build | Farm |
| 21:41 | Build | Farm |
| 21:42 | Build | Farm |
| 21:44 | Build | Farm |
| 21:47 | Create | Villager (Male) |
| 21:48 | Create | Villager (Male) |
| 21:48 | Create | Villager (Male) |
| 21:56 | Build | Farm |
| 21:57 | Build | Farm |
| 21:58 | Build | Farm |
| 21:59 | Build | Farm |
| 22:03 | Build | Farm |
| 22:07 | Create | Villager (Male) |
| 22:08 | Create | Villager (Male) |
| 22:08 | Create | Villager (Male) |
| 22:08 | Create | Villager (Male) |
| 22:16 | Create | Villager (Male) |
| 22:16 | Create | Villager (Male) |
| 22:16 | Create | Villager (Male) |
| 22:17 | Create | Villager (Male) |
Match timeline
| 9:14 | I Chris I4718 · first_building Barracks |
| 9:45 | RAFAEL LOPEZ ALIAGA · age_up feudal |
| 10:17 | Eskiçeri · first_building Barracks |
| 10:57 | Amin · age_up feudal |
| 11:21 | HighSociety93 · age_up feudal |
| 11:37 | I Chris I4718 · first_building Siege Workshop |
| 11:43 | Eskiçeri · age_up feudal |
| 11:47 | KELTIK44 · age_up feudal |
| 11:49 | 红姐怎么还在种田 · first_building Barracks |
| 12:31 | 76561199122638748 · age_up feudal |
| 13:33 | 红姐怎么还在种田 · age_up feudal |
| 14:11 | Amin · first_market_sell 100 stone |
| 14:53 | HighSociety93 · first_building Barracks |
| 14:56 | HighSociety93 · age_up castle |
| 15:02 | HighSociety93 · first_building Siege Workshop |
| 15:16 | HighSociety93 · first_market_buy 100 wood |
| 15:36 | HighSociety93 · first_market_sell 100 stone |
| 15:40 | RAFAEL LOPEZ ALIAGA · age_up castle |
| 16:03 | RAFAEL LOPEZ ALIAGA · first_building Castle |
| 16:29 | HighSociety93 · wall_segment Palisade Wall x1 |
| 16:43 | HighSociety93 · wall_segment Palisade Wall x1 |
| 16:51 | 76561199122638748 · age_up castle |
| 16:51 | Amin · age_up castle |
| 16:58 | KELTIK44 · first_building Barracks |
| 17:50 | Eskiçeri · age_up castle |
| 18:08 | KELTIK44 · first_building Archery Range |
| 18:15 | KELTIK44 · age_up castle |
| 18:24 | RAFAEL LOPEZ ALIAGA · first_building Siege Workshop |
| 19:10 | RAFAEL LOPEZ ALIAGA · first_market_buy 100 wood |
| 20:23 | 红姐怎么还在种田 · age_up castle |
| 20:31 | Amin · first_building Monastery |
| 21:08 | Eskiçeri · tribute_sent a jugador 1 |
| 21:08 | Eskiçeri · tribute_sent a jugador 2 |
| 21:08 | Eskiçeri · tribute_sent a jugador 3 |
| 21:08 | Eskiçeri · tribute_sent a jugador 4 |
| 21:08 | Eskiçeri · tribute_sent a jugador 5 |
| 21:08 | Eskiçeri · tribute_sent a jugador 6 |
| 21:08 | Eskiçeri · tribute_sent a jugador 8 |
| 21:21 | Eskiçeri · first_building Siege Workshop |
| 22:07 | KELTIK44 · first_building Monastery |
| 23:02 | HighSociety93 · wall_segment Palisade Wall x1 |
| 23:26 | HighSociety93 · wall_segment Palisade Wall x1 |
| 23:45 | 红姐怎么还在种田 · first_building Castle |
| 24:23 | Amin · tribute_sent a jugador 1 |
| 24:23 | Amin · tribute_sent a jugador 2 |
| 24:23 | Amin · tribute_sent a jugador 3 |
| 24:23 | Amin · tribute_sent a jugador 4 |
| 24:24 | Amin · tribute_sent a jugador 5 |
| 24:24 | Amin · tribute_sent a jugador 7 |
| 24:24 | Amin · tribute_sent a jugador 8 |
| 24:25 | KELTIK44 · tribute_sent a jugador 1 |
| 24:25 | KELTIK44 · tribute_sent a jugador 2 |
| 24:25 | KELTIK44 · tribute_sent a jugador 4 |
| 24:25 | KELTIK44 · tribute_sent a jugador 5 |
| 24:25 | KELTIK44 · tribute_sent a jugador 6 |
| 24:25 | KELTIK44 · tribute_sent a jugador 7 |
| 24:25 | KELTIK44 · tribute_sent a jugador 8 |
| 24:47 | 76561199122638748 · first_building Barracks |
| 25:43 | 76561199122638748 · first_building Siege Workshop |
| 25:49 | 76561199122638748 · first_building Stable |
| 26:01 | KELTIK44 · age_up imperial |
| 26:08 | 红姐怎么还在种田 · first_building Stable |
| 26:17 | Amin · first_building Castle |
| 27:04 | 76561199122638748 · first_market_buy 100 stone |
| 27:09 | Amin · first_building Barracks |
| 27:16 | 76561199122638748 · first_building Castle |
| 28:01 | Amin · first_building Siege Workshop |
| 29:07 | Eskiçeri · first_building Monastery |
| 30:02 | RAFAEL LOPEZ ALIAGA · first_building Monastery |
| 30:12 | KELTIK44 · first_building Castle |
| 30:31 | KELTIK44 · first_building Siege Workshop |
| 31:24 | 红姐怎么还在种田 · age_up imperial |
| 32:48 | 76561199122638748 · wall_segment Stone Wall x19 |
| 33:08 | HighSociety93 · first_building Monastery |
| 33:23 | Eskiçeri · age_up imperial |
| 33:40 | Amin · first_building Archery Range |
| 34:01 | Amin · age_up imperial |
| 34:02 | RAFAEL LOPEZ ALIAGA · age_up imperial |
| 34:17 | Eskiçeri · first_building Castle |
| 35:09 | KELTIK44 · first_market_sell 500 food |
| 36:58 | 76561199122638748 · age_up imperial |
| 37:00 | HighSociety93 · first_building Castle |
| 39:12 | HighSociety93 · age_up imperial |
| 39:58 | RAFAEL LOPEZ ALIAGA · first_building Barracks |
| 40:33 | 76561199122638748 · first_building Archery Range |
| 41:41 | Amin · first_building Stable |
| 43:18 | Amin · first_market_buy 100 wood |
| 44:36 | RAFAEL LOPEZ ALIAGA · first_building Stable |
| 44:51 | I Chris I4718 · first_building Castle |
| 45:33 | 76561199122638748 · wall_segment Stone Wall x1 |
| 46:12 | 76561199122638748 · wall_segment Stone Wall x1 |
| 46:36 | I Chris I4718 · first_building Archery Range |
| 47:40 | HighSociety93 · first_building Archery Range |
| 47:56 | 红姐怎么还在种田 · first_building Siege Workshop |
| 49:20 | 76561199122638748 · first_market_sell 500 food |
| 49:36 | Amin · resign |
| 50:03 | Eskiçeri · first_market_sell 500 food |
| 54:07 | I Chris I4718 · first_market_sell 500 food |
| 54:44 | Eskiçeri · first_market_buy 500 stone |
| 61:06 | HighSociety93 · wall_segment Palisade Wall x2 |
[ AI ANALYSIS · 1 CREDIT ]
What really happened in this match?
Wolo.gg analyzes every decision: build order, eco, micro, common mistakes by bracket. Personalized analysis on WhatsApp or Discord in 30 seconds.
Civ guide
Spanish
Perfil
Jugador #19082457